groovejumper, neutral female human Wizard --------- #+.......| -------------- --------------- #|.......| ##.............| |...)..-......+####........| # |......^.....| |......|......| ## |...`...| ### ----------|--- |......+....(..### |.......-# # ###### |......|......|# ---------# ### # |......|......|# # # ## |....<.+.......# # # ---------.--- ----------.---- # # |...........| ###################[#### # |...........| #-#-----.--######[######............| #|)_>.)b@%|## |...........| )|.).....q[## |...........| #-...B....| |...........| ----.----- ------------- # groovejumper the Thaumaturge Experience level: 7 Strength: 12 Dexterity: 13 Constitution: 17 Intelligence: 15 Wisdom: 12 Charisma: 12 Health: 0(52) Energy: 29(49) AC: 9 Gold: 284 Moves: 7070 Your Inventory: Coins $ - 284 gold pieces Weapons a - a blessed +1 quarterstaff q - an [uncursed +0] dagger z - a [blessed] fireproof +2 quarterstaff of warning N - a [blessed +1] crude dagger [orcish] R - a [blessed] fireproof +1 quarterstaff of fire (weapon in hands) Armor b - an uncursed +0 cloak of magic resistance (being worn) Comestibles r - 2 [uncursed] food rations D - an [uncursed stale] egg Scrolls i - 2 uncursed scrolls of destroy armor j - an uncursed scroll of identify Spellbooks k - a blessed spellbook of force bolt l - an uncursed spellbook of knock Potions f - an uncursed potion of gain energy g - an uncursed potion of gain ability h - an uncursed potion of speed o - a blessed clear potion [of holy water] Rings d - an uncursed ring of slow digestion (on right hand) e - an uncursed ring of free action p - an [uncursed] sapphire ring [of searching] Wands c - an uncursed wand of light (0:11) Q - an [uncursed] mahogany wand [of locking (0:7)] Tools m - an uncursed magic marker (0:64) n - an uncursed blindfold Spells known in the end: Name Level Category Fail Memory a - force bolt 1 attack 0% [||||||..] b - knock 1 matter 0% [||||||..] Your skills at the end: Fighting Skills Weapon Skills quarterstaff [Basic / Expert] Spellcasting Skills attack spells [Basic / Expert] enchantment spells [Basic / Skilled] Final Attributes: You were piously aligned. Hunger level was 328. Your alignment was 44 / 45. Monster difficulty range was 0 - 4. Level difficulty was 2. You were magic-protected. You were telepathic. You had slower digestion. You were lucky (2). You are dead. Vanquished creatures: a fog cloud 3 shriekers a gnome lord 2 kobold mummies 2 gray oozes a straw golem 2 giant ants 3 floating eyes a kitten 5 homunculi a kobold shaman 2 hill orcs 5 rothes a rabid rat 4 giant bats 2 monkeys 3 dwarf zombies 3 werejackals 6 iguanas 2 acid blobs 3 coyotes a gas spore 3 hobbits a large kobold 8 giant rats a cave spider 3 garter snakes 2 gnome zombies a gecko 3 jackals 3 goblins 4 sewer rats 6 grid bugs 7 lichens 6 kobold zombies 11 newts 113 creatures vanquished. Voluntary challenges: You were illiterate. You used a wielded weapon 92 times. You put on armor 1 time. You never genocided any monsters. You never polymorphed an object. You never changed form. You used no wishes. You never wrote Elbereth's name. You never encountered a bones level. You never used any Sokoban shortcuts. Dungeon overview: The Dungeons of Doom: levels 1 to 3 Level 1 some fountains, a sink a long staircase Level 2 <- You were here an altar to Thoth History has recorded: On T:1 you entered the Dungeons of Doom to retrieve the Amulet of Yendor! On T:127 you advanced to experience level 2. On T:460 you reached level 2 of The Dungeons of Doom. On T:729 you reached level 3 of The Dungeons of Doom. On T:850 you advanced to experience level 3. On T:1129 you advanced to experience level 4. On T:2149 you advanced to experience level 5. On T:3292 you received a fireproof quarterstaff of warning from Thoth. On T:3713 you advanced to experience level 6. On T:4656 you advanced to experience level 7. On T:5968 you received a fireproof quarterstaff of fire from Thoth. Latest messages: The spell hits the rothe! You kill the rothe! The spell misses the rothe. The rothe hits! The rothe bites! (2x) [HP-9=12] The spell misses the rothe. The rothe hits! The rothe bites! (2x) [HP-7=5] The spell hits the rothe! The rothe hits! The rothe bites! (2x) You die... Final status: Goodbye groovejumper the Wizard... You died in The Dungeons of Doom on dungeon level 2 with 3340 points, and 284 pieces of gold, after 7070 moves. You were level 7 with a maximum of 52 hit points when you died.